[Event "*** Titled Tuesday Blitz"]
[Site "Chess.com"]
[Date "2021.03.02"]
[Round "2"]
[White "imdarealist"]
[Black "Klavdia_Nik"]
[Result "1-0"]
[WhiteElo "2381"]
[BlackElo "2065"]
[TimeControl "180+1"]
[EndTime "10:18:02 PST"]
[Termination "imdarealist won on time"]

1. d4 Nf6 2. Bf4 c5 3. e3 b6 4. Nd2 Bb7 5. Ngf3 g6 6. Be2 Bg7 7. h3 O-O 8. Bh2 d6 9. O-O Nbd7 10. a4 a6 11. c3 Ne4 12. Nxe4 Bxe4 13. Nd2 Bb7 14.
Qb3 Ra7 15. Rfe1 d5 16. Nf3 Re8 17. Red1 c4 18. Qc2 a5 19. e4 e6 20. exd5 Bxd5 21. Nd2 Qc8 22. Ne4 Qc6 23. Nd6 Rd8 24. Bf1 Nf6 25. Nb5 Rb7 26. Qe2 h6 27. Be5 Kh7 28.
Na3 Rc8 29. Nb5 Ne8 30. Bxg7 Kxg7 31. Qe5+ f6 32. Qg3 h5 33. Be2 Kh7 34. Re1 Rd7 35. Bd1 Ng7 36. Bc2 Nf5 37. Bxf5 exf5 38. Re2 Rf8 39. Rae1 Rff7 40. Re8 g5 41. Qb8 Kg6 42. f3 Rg7 43. Rc8 Qb7 44. Qxb7 Rxb7 45. Rce8 Rbd7 46. R1e2 f4 47. Kf2 1-0

[Event "*** Titled Tuesday Blitz"]
[Site "Chess.com"]
[Date "2021.03.02"]
[Round "2"]
[White "ehrenfeld"]
[Black "TheBigBoss04"]
[Result "0-1"]
[WhiteElo "2506"]
[BlackElo "2746"]
[TimeControl "180+1"]
[EndTime "10:18:03 PST"]
[Termination "TheBigBoss04 won on time"]

1. e4 g6 2. d4 Bg7 3. Nf3 d6 4. c3 Nf6 5. Bd3 O-O 6. O-O Nc6 7. Re1 e5 8. h3 Re8 9. d5 Nb8 10. c4 a5 11. Nc3 Nbd7 12. Be3 Nc5 13. Bc2 Bd7 14. Rb1 Rf8 15. a3 Nh5 16. b4 axb4 17. axb4 Na6 18. c5 Nf4 19. Bxf4 exf4 20. Qd2 dxc5 21.
bxc5 Nxc5 22. e5 Ra3 23. Ne4 Nxe4 24. Bxe4 Bc8 25. Qxf4 Qe7 26. d6 cxd6 27. exd6 Qd7 28. Bd5 Ra6 29. Re7 Qxd6 30. Bxf7+ Kh8 31. Qxd6 Rxd6 32.
Bc4 Bf6 33. Re2 b6 34. Bb5 Bf5 35. Rbe1 Kg7 36. g4 Bd3 37. Bxd3 Rxd3 38. Kg2 b5 39. Re6 b4 0-1

[Event "*** Titled Tuesday Blitz"]
[Site "Chess.com"]
[Date "2021.03.02"]
[Round "2"]
[White "hellokostya"]
[Black "Konavets"]
[Result "0-1"]
[WhiteElo "2573"]
[BlackElo "2940"]
[TimeControl "180+1"]
[EndTime "10:18:04 PST"]
[Termination "Konavets won by resignation"]

1. d4 Nf6 2. c4 d6 3. Nc3 Bf5 4.
Nf3 g6 5. g3 Ne4 6. Nxe4 Bxe4 7. Bg2 Bg7 8. O-O O-O 9. b3 c5 10. Bb2 Nc6 11. e3 cxd4 12. exd4 d5 13. c5 b6 14. Rc1 Rc8 15. Qd2 e6 16. b4 bxc5 17. Rxc5 Ne7 18. Rfc1 Rb8 19. a3 Nf5 20. Ne5 Bxg2 21.
Kxg2 Rb7 22. b5 Nd6 23. Qd3 a6 24. Nc6 Qd7 25. a4 axb5 26. axb5 Nc4 27. R1xc4 dxc4 28. Qxc4 Ra8 29. Bc1 Bf8 30. Ne5 Qd8 31. Be3 Bxc5 32.
dxc5 Qd1 33. Bd4 Ra4 34. c6 Rxc4 35. cxb7 Rxd4 36. b8=Q+ Rd8 37. Qc7 Qd5+ 38. Kh3 Rf8 39. b6 f6 40. Ng4 Qh5+ 41. Kg2 Qxg4 42. b7 Qb4 43. Qd7 Qb6 44. Qc8 Kg7 45. h4 h5 46.
Kg1 e5 47. Kg2 Qd8 48. Qc6 Qb8 49. Qd7+ Rf7 0-1

[Event "*** Titled Tuesday Blitz"]
[Site "Chess.com"]
[Date "2021.03.02"]
[Round "2"]
[White "rquery98"]
[Black "dosto07"]
[Result "1-0"]
[WhiteElo "2627"]
[BlackElo "2328"]
[TimeControl "180+1"]
[EndTime "10:18:04 PST"]
[Termination "rquery98 won on time"]

1. Nf3 d5 2. g3 Nf6 3. Bg2 c6 4. O-O Bg4 5. c4 Nbd7 6. cxd5 cxd5 7. Nc3 e6 8. d3 Be7 9. Qb3 Nc5 10. Qc2 Rc8 11. b4 Ncd7 12. Qb2 O-O 13. h3 Bh5 14. Bd2 Bd6 15. g4 Bg6 16. Nh4 a6 17. Nxg6 hxg6 18. Rfc1 Re8 19. Na4 b5 20. Nc3 Qe7 21. a3 Be5 22. Rc2 Nb6 23. Rac1 Qd7 24. Qb3 Rc7 25. f4 Bd6 26. e3 Rec8 27. Ne2 Rxc2 28. Rxc2 Rxc2 29. Qxc2 Ne8 30. d4 Nf6 31. Be1 Nc4 32. Qb3 g5 33. fxg5 Nh7 34. h4 Nf8 35. Qd3 Bc7 36. e4 Ng6 37. Bf2 dxe4 38. Bxe4 Ne7 39. h5 Nd5 40. g6 Qe7 41. gxf7+ Qxf7 42. Bg6 Qe7 43. Qe4 Qg5 44. Qxe6+ 1-0

[Event "*** Titled Tuesday Blitz"]
[Site "Chess.com"]
[Date "2021.03.02"]
[Round "2"]
[White "semchik73"]
[Black "bratkoo"]
[Result "0-1"]
[WhiteElo "2297"]
[BlackElo "2510"]
[TimeControl "180+1"]
[EndTime "10:18:04 PST"]
[Termination "bratkoo won by resignation"]

1. Nf3 e6 2. d4 d5 3. c4 Nf6 4.
Nc3 Be7 5. Bg5 O-O 6. e3 h6 7. Bh4 Ne4 8. Bxe7 Qxe7 9. Bd3 Nxc3 10. bxc3 dxc4 11. Bxc4 c5 12. O-O b6 13. Ne5 Bb7 14. Qh5 Nd7 15. f4 Rac8 16. Bd3 Nf6 17. Qh4 Rc7 18.
g4 Nd5 19. Qh3 Nxc3 20. g5 Be4 21. Bxe4 Nxe4 22. gxh6 g6 23. h7+ Kg7 24. Qg2 Nd6 25. e4 cxd4 26. f5 exf5 27. exf5 Qxe5 28. f6+ Kh8 29. Qh3 Qe3+ 30. Qxe3 dxe3 31. Rfe1 Nf5 32. Red1 Kxh7 33. Rd5 Rc6 34. Re1 Rxf6 35. Rd7 a5 36. Kh1 Re6 37. Rd3 Kg7 38. Kg2 Rfe8 39. Kf3 Rd6 40. Rc3 Rf6 41. Kg4 e2 42. Rc2 Re4+ 43. Kh3 Nd4 44. Rd2 Rf3+ 45. Kg2 Rg4+ 46. Kh1 Rf1+ 0-1

[Event "*** Titled Tuesday Blitz"]
[Site "Chess.com"]
[Date "2021.03.02"]
[Round "2"]
[White "PetrolulSah"]
[Black "MaxLeto"]
[Result "0-1"]
[WhiteElo "2187"]
[BlackElo "2418"]
[TimeControl "180+1"]
[EndTime "10:18:04 PST"]
[Termination "MaxLeto won by resignation"]

1. d4 d5 2. Nf3 Nf6 3. g3 Bf5 4. Bg2 c6 5. O-O Nbd7 6. c4 e6 7. Nc3 h6 8. Qb3 Qb6 9. c5 Qxb3 10. axb3 a6 11. b4 Rc8 12. Nd2 Be7 13. Nb3 Bd8 14.
Na5 Bxa5 15. bxa5 e5 16. e3 O-O 17. b4 Rfe8 18. Na4 Bd3 19. Rd1 Bc2 20. Rf1 exd4 21. exd4 Bxa4 22. Rxa4 Re2 23. Be3 Re8 24. Rfa1 Ng4 25.
Bf3 Nxe3 26. Bxe2 Nc2 27. Bd3 Nxa1 28. Rxa1 g6 29. Kf1 Kg7 30. Re1 Rxe1+ 31. Kxe1 Nf8 32. f4 Ne6 33. f5 Nxd4 34. fxg6 fxg6 35. Kf2 Kf6 36. Ke3 Nf5+ 37. Kf3 Ke5 38. Bf1 Kd4 39. Bh3 Kc3 40. b5 axb5 41. Kf4 b4 42. g4 Nd4 43. g5 hxg5+ 44. Kxg5 b3 45. Bc8 b2 46. Bxb7 b1=Q 47. a6 0-1

[Event "*** Titled Tuesday Blitz"]
[Site "Chess.com"]
[Date "2021.03.02"]
[Round "2"]
[White "anpospan"]
[Black "mikolka1985"]
[Result "0-1"]
[WhiteElo "2381"]
[BlackElo "2649"]
[TimeControl "180+1"]
[EndTime "10:18:07 PST"]
[Termination "mikolka1985 won on time"]

1. d4 Nf6 2. c4 e6 3. Nc3 Bb4 4. a3 Bxc3+ 5. bxc3 b6 6. f3 Ba6 7. e4 Nc6 8. Bd3 Na5 9. Qe2 d6 10. Be3 Qd7 11. Nh3 Qa4 12. c5 Bxd3 13. Qxd3 dxc5 14. O-O O-O-O 15. Ng5 Rd7 16. Qa6+ Kb8 17. dxc5 Qc4 18. Qxc4 Nxc4 19. c6 Rd3 20. Bd4 e5 21. Nxf7 Re8 22.
Nxe5 Nxe5 23. Rfd1 Rxd1+ 24. Rxd1 Nxc6 25. Bxf6 gxf6 26. Rd7 Re7 27. Rd5 Kc8 28. h4 Rd7 29. Rf5 Rd6 30. Rh5 Rd7 31. Rf5 Rf7 32. Kh2 Ne7 33. Rh5 Kd7 34.
Kh3 Ke6 35. f4 Rg7 36. g4 Kf7 37. Kg3 c5 38. Kf3 Ke6 39. e5 fxe5 40. Rxe5+ Kd6 41. Rh5 Rf7 42. Rh6+ Kd7 43. Ke4 Ng6 44. f5 Re7+ 45.
Kd5 Nf4+ 46. Kc4 Re4+ 47. Kb5 Re7 48. f6 Rf7 49. g5 Ke6 50. h5 Kf5 51. Rxh7 Rxh7 52.
g6 Nxg6 0-1

[Event "*** Titled Tuesday Blitz"]
[Site "Chess.com"]
[Date "2021.03.02"]
[Round "2"]
[White "zurzan"]
[Black "annamaja"]
[Result "0-1"]
[WhiteElo "2065"]
[BlackElo "2378"]
[TimeControl "180+1"]
[EndTime "10:18:07 PST"]
[Termination "annamaja won by resignation"]

1. f4 d5 2. Nf3 Nf6 3. g3 e6 4. Bg2 Bd6 5. O-O c5 6. d3 Nc6 7. c3 O-O 8. Qe1 d4 9. e4 dxe3 10. Bxe3 Qc7 11. Na3 a6 12. Nc4 Be7 13. Rd1 Nd5 14. Bc1 b5 15. Nce5 Nxe5 16. Nxe5 Bb7 17. h3 b4 18. c4 Nf6 19. b3 Bxg2 20. Kxg2 a5 21. d4 cxd4 22. Rxd4 Bc5 23. Rd3 a4 24.
Be3 axb3 25. axb3 Ra2+ 26. Rf2 Rfa8 27. Rdd2 Rxd2 28. Qxd2 Ne4 29. Qd7 Qxd7 30. Nxd7 Nxf2 31. Bxc5 Nd3 32. Be3 Ra2+ 33. Kf3 f5 34. Bc5 Rb2 35.
Bd4 Rxb3 36. Ke2 Nc1+ 37. Kd2 Rd3+ 38. Kxc1 Rxd4 39. Ne5 Kf8 40. Kc2 Re4 41. c5 Ke8 42. c6 Kd8 43. Kb3 Kc7 44. Nf7 Re3+ 45. Kxb4 Rxg3 46. Ne5 Rxh3 47. Kc5 Rc3+ 48. Kd4 Rc1 49. Ke3 h5 50. Kf3 Rc5 51. Kg3 Rxe5 52. fxe5 Kxc6 53.
Kh4 Kd5 0-1

[Event "*** Titled Tuesday Blitz"]
[Site "Chess.com"]
[Date "2021.03.02"]
[Round "2"]
[White "Thjop"]
[Black "stasiek18"]
[Result "1-0"]
[WhiteElo "2656"]
[BlackElo "2401"]
[TimeControl "180+1"]
[EndTime "10:18:09 PST"]
[Termination "Thjop won by resignation"]

1. e4 e6 2. d4 d5 3. Nd2 c5 4.
Ngf3 cxd4 5. Nxd4 Nc6 6. Bb5 Bd7 7. Nxc6 bxc6 8. Bd3 Bd6 9. Qe2 Qc7 10. Nf3 dxe4 11. Bxe4 Nf6 12. Bd3 c5 13. O-O Bc6 14. h3 h6 15. b3 a5 16. a4 O-O 17. Bb2 Nh5 18. Rae1 Nf4 19. Qe3 Rae8 20. Bb5 Bxb5 21. axb5 c4 22.
Be5 Bxe5 23. Qxe5 Qxe5 24. Nxe5 cxb3 25. cxb3 Rd8 26. Ra1 Nd3 27. Nc6 Rd5 28. Ne7+ Kh7 29. Nxd5 exd5 30. Rxa5 Rb8 31. Rd1 Nf4 32. g3 Nxh3+ 33.
Kg2 Ng5 34. Rxd5 Kg6 35. Ra6+ f6 36. b6 Ne4 37. Rb5 Nc3 38. Rc5 Ne4 39. Rc7 Nd6 40. b7 Rxb7 41. Rxb7 Nxb7 42. Rb6 Nc5 43. b4 Nd3 44. b5 Kf5 45. Rb7 g5 46. b6 Ke6 47.
Rh7 Nc5 48. b7 Na6 49. Rh8 1-0

[Event "*** Titled Tuesday Blitz"]
[Site "Chess.com"]
[Date "2021.03.02"]
[Round "2"]
[White "Grimlock_Glasgow"]
[Black "Homyakova_Elena"]
[Result "0-1"]
[WhiteElo "2453"]
[BlackElo "2284"]
[TimeControl "180+1"]
[EndTime "10:18:09 PST"]
[Termination "Homyakova_Elena won on time"]

1. e4 c5 2. Nc3 g6 3. d4 cxd4 4. Qxd4 Nf6 5. Be3 Nc6 6. Qd2 Bg7 7. O-O-O O-O 8. f3 d6 9. h4 h5 10. Nd5 Be6 11. g4 Bxd5 12. exd5 Ne5 13. gxh5 Nxh5 14.
f4 Ng4 15. Be2 Nxe3 16. Qxe3 Qb6 17. Qxb6 axb6 18. Bxh5 gxh5 19. a3 Ra4 20. Ne2 b5 21. c3 Rc8 22. Kb1 Re4 23. Ng3 Rxf4 24. Rhg1 Rg4 25. Nxh5 Rcc4 26. Rde1 Kf8 27. Ng3 Rxh4 28.
Nf5 Rhg4 29. Rxg4 Rxg4 30. Nxe7 Be5 31. Nc8 f5 32. Rf1 f4 33. Na7 Kf7 34. Nxb5 Kf6 35. Nd4 Kg5 36. Kc2 Rg2+ 37. Kb3 Bxd4 38. cxd4 Kg4 39.
Kc3 f3 40. b4 f2 41. Kd2 Kf3 0-1

[Event "*** Titled Tuesday Blitz"]
[Site "Chess.com"]
[Date "2021.03.02"]
[Round "2"]
[White "arminmusovic"]
[Black "Elshan1985"]
[Result "0-1"]
[WhiteElo "2547"]
[BlackElo "2886"]
[TimeControl "180+1"]
[EndTime "10:18:10 PST"]
[Termination "Elshan1985 won by resignation"]

1. a3 g6 2. Nc3 Bg7 3. d4 d5 4.
Bg5 h6 5. Bh4 c5 6. e3 cxd4 7.
exd4 Nc6 8. Nf3 Bg4 9. Bb5 Rc8 10.
O-O a6 11. Ba4 Qd7 12. h3 Bxf3 13. Qxf3 b5 14. Bb3 Nxd4 15. Qxd5 Nxb3 16. Qxb3 Bxc3 17. bxc3 Rc4 18. a4 Kf8 19. axb5 Qxb5 20. Bg3 Nf6 21. Rfe1 Nd5 22. Be5 f6 23. Bd4 Kf7 24. Qxb5 axb5 25.
Ra7 Rc7 26. Rxc7 Nxc7 27. Rb1 Rc8 28. Bb6 Nd5 29. Rxb5 Nxc3 30. Ra5 Ne2+ 31. Kf1 Rxc2 32. Be3 g5 33. Rc5 Rxc5 34. Bxc5 Nc1 35. Ba3 Nd3 36. g3 Ne5 37. Ke2 Nc4 38. Bc1 e5 39. f4 e4 40. f5 h5 41. h4 gxh4 42. gxh4 Nd6 43. Ke3 Nxf5+ 44. Kxe4 Nxh4 45. Kf4 Kg6 46. Bb2 Nf5 47.
Bc3 Ng7 48. Bd2 Ne6+ 49. Ke4 f5+ 50. Ke5 Ng5 51. Kf4 Ne4 52. Be1 Nf6 53. Bh4 Nd5+ 54. Ke5 Ne3 55. Bg3 Ng2 56. Bf2 Kg5 57. Bg1 Kg4 58. Bh2 f4 59. Ke4 h4 60. Bg1 Kg3 61.
Kf5 f3 62. Kg5 h3 63. Kh5 h2 0-1

[Event "*** Titled Tuesday Blitz"]
[Site "Chess.com"]
[Date "2021.03.02"]
[Round "2"]
[White "Treacherous_horse64"]
[Black "ulkaf961"]
[Result "0-1"]
[WhiteElo "2613"]
[BlackElo "2362"]
[TimeControl "180+1"]
[EndTime "10:18:10 PST"]
[Termination "ulkaf961 won by checkmate"]

1. d4 d5 2. Nf3 e6 3. c4 a6 4. e3 Nf6 5. b3 b6 6. Bb2 Bb7 7. Bd3 Bd6 8. O-O O-O 9. Nc3 Nbd7 10. Rc1 Qe7 11. Qc2 h6 12. e4 dxe4 13.
Nxe4 Nxe4 14. Bxe4 Bxe4 15. Qxe4 Nf6 16. Qe2 Ba3 17. Bxa3 Qxa3 18. h3 Rfd8 19. Rfd1 a5 20. Rc3 a4 21. Ne5 axb3 22. axb3 c5 23. Rg3 Rxd4 24.
Rxd4 cxd4 25. Qf3 Kf8 26. Qc6 Qa7 27. Qd6+ Qe7 28. Qxd4 Rd8 29. Qxb6 Ne4 30. Re3 Rd1+ 31. Kh2 Nxf2 32. Rf3 Rh1+ 33. Kg3 Ne4+ 34. Kf4 Qg5+ 35. Kxe4 Re1+ 36. Kd4 Rd1+ 37. Nd3 e5+ 38. Kc3 Qd2# 0-1

[Event "*** Titled Tuesday Blitz"]
[Site "Chess.com"]
[Date "2021.03.02"]
[Round "2"]
[White "Twitch_ElhamBlitz05"]
[Black "KhamzinOlzhas"]
[Result "1-0"]
[WhiteElo "2832"]
[BlackElo "2532"]
[TimeControl "180+1"]
[EndTime "10:18:12 PST"]
[Termination "Twitch_ElhamBlitz05 won by resignation"]

1. e4 e6 2. d4 d5 3. Nc3 Bb4 4. Ne2 dxe4 5. a3 Bxc3+ 6. Nxc3 Nc6 7. Bb5 Ne7 8. Nxe4 Qd5 9. Qd3 f5 10. Ng3 Qxg2 11. Bf4 Bd7 12. O-O-O O-O-O 13. Rhg1 Qh3 14. Bc4 h6 15. Qc3 g5 16. Bf1 Qh4 17. Be5 Nxe5 18. dxe5 Nc6 19. Bc4 Qf4+ 20. Kb1 Nxe5 21. Bb3 Ng4 22.
f3 Nxh2 23. Rd3 g4 24. Ne2 Qg5 25. f4 Qg6 26. Rgd1 Rhe8 27. Nd4 Kb8 28. Qb4 Qf6 29. Ba4 c6 30. Bxc6 Bc8 31. Bg2 Rxd4 32. Rxd4 Nf3 33.
Qd6+ Ka8 34. Rc4 a6 35. Qc7 Qe7 36. Qb6 Bd7 37. Rc7 Bc6 38. Rxe7 Rxe7 39. Qd8+ Ka7 40. Qxe7 Kb6 41. Bxf3 1-0

[Event "*** Titled Tuesday Blitz"]
[Site "Chess.com"]
[Date "2021.03.02"]
[Round "2"]
[White "Azeryahu"]
[Black "GameOverBro"]
[Result "1-0"]
[WhiteElo "2728"]
[BlackElo "2501"]
[TimeControl "180+1"]
[EndTime "10:18:12 PST"]
[Termination "Azeryahu won by resignation"]

1. d4 Nf6 2. c4 b5 3. cxb5 a6 4. bxa6 Bxa6 5. Nc3 d5 6. Nf3 e6 7. Bg5 Be7 8. e3 Bxf1 9. Kxf1 Nbd7 10. g3 O-O 11.
Kg2 c5 12. dxc5 Nxc5 13. Qe2 h6 14. Bxf6 Bxf6 15. Rhc1 Qa5 16. Rab1 Rfb8 17. Nd4 Bxd4 18. exd4 Na4 19. Nd1 Nb6 20. Nc3 Na4 21. Nd1 Nb6 22. Ra1 Qb4 23. Qd3 Nc4 24. b3 Na3 25. Nc3 Rc8 26. Ne2 Rab8 27. h4 g6 28. Rxc8+ Rxc8 29.
Rc1 Rxc1 30. Nxc1 h5 31. Ne2 Qe1 32. Nf4 Kf8 33. Qe3 Qa5 34. Qe5 Nc2 35. Qh8+ Ke7 36. Qg7 Ke8 37. Nxg6 fxg6 38. Qxg6+ Kd7 39. Qxc2 Qb4 40.
Qd1 Qa3 41. Qxh5 Qxa2 42. Qf7+ Kd6 43. Qf4+ Kd7 44. Qe3 Qb1 45. h5 Ke7 46. Qg5+ Kd6 47. Qe5+ Kd7 48. h6 Qg6 49. Qg7+ 1-0

[Event "*** Titled Tuesday Blitz"]
[Site "Chess.com"]
[Date "2021.03.02"]
[Round "2"]
[White "Galiev_Azat"]
[Black "tdf98pantani"]
[Result "1-0"]
[WhiteElo "2389"]
[BlackElo "2644"]
[TimeControl "180+1"]
[EndTime "10:18:12 PST"]
[Termination "Galiev_Azat won by resignation"]

1. d4 d5 2. Bf4 c5 3. e3 Nc6 4. c3 cxd4 5. exd4 Bf5 6. Qb3 Qd7 7. Nf3 e6 8. Ne5 Nxe5 9. Bxe5 Ne7 10. Nd2 Nc6 11. Bg3 Bd6 12. Nf3 O-O 13. Be2 Rab8 14.
O-O Na5 15. Qb5 Qxb5 16. Bxb5 Bxg3 17. hxg3 a6 18. Be2 b5 19. b4 Nb7 20. a4 Nd6 21. axb5 axb5 22. Ra6 Rfd8 23. Ne5 Rbc8 24. Rfa1 f6 25.
Nc6 Rd7 26. R1a3 h6 27. Na7 Rb8 28. Nc6 Rbb7 29. Ra8+ Kh7 30. g4 Bg6 31. Nd8 e5 32. Nxb7 Rxb7 33. R3a7 Rb6 34. Ra6 Rxa6 35. Rxa6 Ne4 36.
Rc6 Be8 37. Rc8 Bd7 38. Rc7 Be8 39. f3 Nd6 40. Kf2 Kg6 41. Bd3+ e4 42. Be2 f5 43. gxf5+ Nxf5 44. Rc5 e3+ 45. Ke1 Nh4 46. g3 Nf5 47. g4 Nh4 48. Rxd5 Kf6 49. Bxb5 Bf7 50. Rd6+ Kg5 51. Ke2 Ng2 52. Rd7 Kf6 53. c4 g6 54.
d5 Be6 55. dxe6 1-0

[Event "*** Titled Tuesday Blitz"]
[Site "Chess.com"]
[Date "2021.03.02"]
[Round "2"]
[White "Kostukov_Alex"]
[Black "leejunhyeok"]
[Result "1-0"]
[WhiteElo "2331"]
[BlackElo "2575"]
[TimeControl "180+1"]
[EndTime "10:18:13 PST"]
[Termination "Kostukov_Alex won by checkmate"]

1. g3 Nf6 2. Bg2 d5 3. d3 e6 4. e4 dxe4 5. dxe4 Qxd1+ 6. Kxd1 Bc5 7. f3 Nc6 8. Nd2 a5 9. a4 b6 10. c3 Ba6 11. Bf1 Bxf1 12. Nxf1 O-O-O+ 13. Ke2 Rd7 14.
Be3 Bxe3 15. Nxe3 Rhd8 16. Rd1 Rxd1 17. Nxd1 Ne5 18. Ne3 Nd3 19. Nc4 Nc5 20. Nh3 Nxa4 21. Ra1 Nc5 22. Ng5 Rd7 23. Ne5 Re7 24. b4 axb4 25. cxb4 Ncd7 26. Nc6 Re8 27. Nxf7 Kb7 28. Nfd8+ Rxd8 29. Nxd8+ Kc8 30. Nxe6 g6 31. Nf8 Ne5 32. b5 Kb7 33. Ne6 Nc4 34. Nd8+ Kb8 35. Nc6+ Kb7 36. Ra7+ Kc8 37. Ra8+ Kd7 38. Rf8 Ne8 39. Rf7+ Ke6 40. Re7+ Kf6 41. Rxe8 Nd6 42. e5+ Kf7 43. Re7+ Kf8 44.
exd6 cxd6 45. Rxh7 d5 46. Kd3 d4 47. Kxd4 g5 48. Ke5 g4 49. fxg4 Kg8 50. Re7 Kf8 51. Kf6 Kg8 52. Kg6 Kf8 53. Re6 Kg8 54. Re8# 1-0

[Event "*** Titled Tuesday Blitz"]
[Site "Chess.com"]
[Date "2021.03.02"]
[Round "2"]
[White "Artem_Koval"]
[Black "The_Machine04"]
[Result "0-1"]
[WhiteElo "2214"]
[BlackElo "2438"]
[TimeControl "180+1"]
[EndTime "10:18:13 PST"]
[Termination "The_Machine04 won on time"]

1. d4 d6 2. Bf4 Nf6 3. e3 g6 4.
Nf3 Bg7 5. Be2 O-O 6. O-O Nc6 7. c4 Re8 8. Nc3 Nd7 9. h3 e5 10. Bh2 h6 11. Re1 exd4 12. exd4 Nf6 13. Bd3 Kh7 14.
d5 Ne7 15. Nd4 Bd7 16. Bc2 Qc8 17. Qf3 a6 18. Rad1 Rb8 19. a4 a5 20. Ncb5 b6 21.
b3 Qd8 22. Nc6 Bxc6 23. dxc6 Rc8 24. Bxd6 Nxc6 25. Qxc6 Rxe1+ 26. Rxe1 cxd6 27. Qxd6 Bf8 28. Qxd8 Rxd8 29. Rd1 Re8 30. Kf1 Bb4 31. Nc7 Re7 32. Nd5 Nxd5 33. cxd5 Bd6 34. Bd3 Rc7 35. Bc4 Kg7 36. Re1 Kf6 37. Re8 Re7 38. Rd8 Bb4 39. f3 Re1+ 40. Kf2 Rd1 41. Rd7 Rd2+ 42.
Kg3 h5 43. h4 Rd4 44. Kh3 Be1 45. g3 Bb4 46. d6 Rxd6 47. Rxf7+ Ke5 48. f4+ Ke4 49. Re7+ Kf3 0-1

[Event "*** Titled Tuesday Blitz"]
[Site "Chess.com"]
[Date "2021.03.02"]
[Round "2"]
[White "howitzer14"]
[Black "Kretov_Evgenij"]
[Result "1-0"]
[WhiteElo "3001"]
[BlackElo "2594"]
[TimeControl "180+1"]
[EndTime "10:18:14 PST"]
[Termination "howitzer14 won by resignation"]

1. f4 d5 2. Nf3 Nc6 3. e3 Bg4 4. Bb5 e6 5. b3 Bd6 6. Bb2 f6 7.
Bxc6+ bxc6 8. O-O Ne7 9. Qe1 O-O 10. d3 Ng6 11. Nbd2 e5 12. fxe5 fxe5 13. Qg3 Bxf3 14.
Rxf3 Qe7 15. e4 Bc5+ 16. Kh1 Nh4 17. Rff1 Bd4 18. Bxd4 exd4 19. Rae1 Rxf1+ 20. Rxf1 Re8 21. h3 Ng6 22. Rf5 Qd7 23. Rf2 Qe7 24. Kh2 a5 25. a4 Qd7 26. Kg1 Qe7 27. Rf5 Qd7 28.
Qf2 h6 29. Qxd4 Kh7 30. Qf2 dxe4 31. Nxe4 Ne5 32. Rf4 Qe7 33. Kh1 Qa3 34. Kh2 Qc1 35.
Rf5 Re6 36. Nc5 Re7 37. Ne4 Qd1 38. Qd2 Qb1 39. Qxa5 Qxc2 40. Rxe5 Rf7 41. Qd2 Qxb3 42. a5 Rf1 43. Ng3 Rd1 44. Qe2 Rxd3 45. Qe4+ Kg8 46. Re8+ Kf7 47. Re7+ Kf8 48. Rxc7 Rxg3 49. Qf4+ Kg8 50.
Qxg3 1-0

[Event "*** Titled Tuesday Blitz"]
[Site "Chess.com"]
[Date "2021.03.02"]
[Round "2"]
[White "ViditYT"]
[Black "NateSolon"]
[Result "1-0"]
[WhiteElo "2980"]
[BlackElo "2586"]
[TimeControl "180+1"]
[EndTime "10:18:14 PST"]
[Termination "ViditYT won on time"]

1. d4 Nf6 2. c4 e6 3. Nf3 d5 4. Nc3 c6 5. e3 Nbd7 6. Qc2 Bd6 7. Be2 O-O 8. O-O b6 9. b3 Bb7 10. Bb2 Qe7 11. Rad1 Rad8 12. Rfe1 Rfe8 13. g3 dxc4 14. bxc4 e5 15. Bf1 a6 16. Bg2 b5 17. c5 Bc7 18.
a3 h6 19. Qb1 a5 20. Nh4 Rb8 21.
Nf5 Qf8 22. Ne4 Nxe4 23. Bxe4 Nf6 24. Bg2 e4 25. f3 exf3 26. Bxf3 Re6 27. e4 Bc8 28. e5 Nd5 29. Nd6 Rg6 30. Be4 Rg5 31. Rf1 Be6 32. Rf2 h5 33. Qd3 h4 34. Bc1 Rg4 35.
Kg2 Bxd6 36. cxd6 b4 37. Bf3 Rg6 38. Be4 Rg4 39. Bf5 Bxf5 40. Qxf5 Rg6 41. axb4 Rxb4 42.
Rdf1 hxg3 43. hxg3 Rb3 44. Qxg6 1-0

[Event "*** Titled Tuesday Blitz"]
[Site "Chess.com"]
[Date "2021.03.02"]
[Round "2"]
[White "FontVella8"]
[Black "carloseduar100"]
[Result "1-0"]
[WhiteElo "2492"]
[BlackElo "2099"]
[TimeControl "180+1"]
[EndTime "10:18:14 PST"]
[Termination "FontVella8 won on time"]

1. d4 d5 2. c4 e5 3. dxe5 d4 4. Nf3 Nc6 5. a3 Nge7 6. g3 Ng6 7.
Bg5 Qd7 8. Bg2 Ngxe5 9. Nbd2 Be7 10. Bxe7 Qxe7 11. O-O O-O 12. Nxe5 Nxe5 13. b3 c5 14. Nf3 Nxf3+ 15. Bxf3 Bh3 16. Re1 Rad8 17. Qd3 b6 18.
b4 Rfe8 19. bxc5 bxc5 20. Rab1 g6 21. Rb5 h5 22. Reb1 Bf5 23. Qd1 Bxb1 24. Qxb1 d3 25. exd3 Qe1+ 26. Qxe1 Rxe1+ 27. Kg2 Rxd3 28. Rb7 Rxa3 29.
Bd5 Re5 30. Bxf7+ Kg7 31. Bd5+ Kh6 32. h4 Rxd5 33. cxd5 Rd3 34. Rxa7 Rxd5 35. Rc7 Rf5 36. f4 Rd5 37. Kf3 Rf5 38. Ke4 c4 39. Rxc4 Ra5 40. Rc3 Rf5 41. Kf3 Ra5 42. g4 hxg4+ 43. Kxg4 Rb5 44.
Re3 Ra5 45. Re5 Ra4 46. h5 gxh5+ 47. Rxh5+ Kg6 48. Rg5+ Kf6 49. Rb5 Rc4 50. Rb6+ Ke7 51. Kg5 Rc1 52. Rb7+ Kd6 53. Kf6 Rf1 54. f5 Rf2 55.
Rb1 Rf3 56. Re1 Kd7 57. Kg6 Rg3+ 58. Kf7 Rf3 59. f6 Kd6 60. Kg7 Rg3+ 61. Kf8 Rf3 62. f7 Kd7 63. Rg1 Rf2 64. Kg8 Ke7 65. Re1+ 1-0

[Event "*** Titled Tuesday Blitz"]
[Site "Chess.com"]
[Date "2021.03.02"]
[Round "2"]
[White "BJthechessgod"]
[Black "Azde"]
[Result "0-1"]
[WhiteElo "2242"]
[BlackElo "2452"]
[TimeControl "180+1"]
[EndTime "10:18:14 PST"]
[Termination "Azde won on time"]

1. e4 c6 2. d4 d5 3. Nc3 dxe4 4. Nxe4 Nd7 5. Nf3 Ngf6 6. Ng3 e6 7. Bd3 Be7 8. O-O O-O 9. c3 c5 10. Qc2 b6 11.
Re1 Bb7 12. Ne4 h6 13. Ne5 cxd4 14. cxd4 Rc8 15. Qb1 Nxe4 16. Bxe4 Bxe4 17. Qxe4 Nf6 18. Qf3 Qxd4 19. Nc6 Qc5 20. Nxa7 Qa5 21. Bxh6 Qxa7 22. Qg3 Nh5 23. Qg4 Rc5 24. Rad1 Kh7 25. Be3 Rb5 26. a4 Nf6 27. Qd4 Rd5 28. Qh4+ Rh5 29. Qc4 Qb8 30. g3 Rc8 31. Qd3+ Kg8 32. Bf4 Qa8 33. Qe2 Qxa4 34. Be5 Qc2 35. Qf3 Rf5 36. Qg2 Ng4 37. Bf4 Qxb2 38. h3 Nxf2 39. Qxf2 Bc5 40. Re3 Bxe3 41. Qxe3 Rfc5 42. Rd2 Qb1+ 43. Kg2 Rc2 44.
Kf3 Rxd2 45. Qxd2 Qb3+ 46. Kg4 Qd5 47. Qb2 Qf5+ 48. Kh4 f6 0-1

[Event "*** Titled Tuesday Blitz"]
[Site "Chess.com"]
[Date "2021.03.02"]
[Round "2"]
[White "fridaywins"]
[Black "MergenKakabaev"]
[Result "0-1"]
[WhiteElo "2125"]
[BlackElo "2400"]
[TimeControl "180+1"]
[EndTime "10:18:14 PST"]
[Termination "MergenKakabaev won on time"]

1. e4 e5 2. Nf3 Nc6 3. Bb5 a6 4. Ba4 Nf6 5. O-O Be7 6. Re1 b5 7. Bb3 d6 8. c3 O-O 9. h3 Na5 10. Bc2 c5 11. d4 Qc7 12. Nbd2 cxd4 13. cxd4 Nc6 14. Nf1 Nxd4 15. Nxd4 exd4 16. Bf4 Bb7 17.
Rc1 Qb6 18. Ng3 Rfe8 19. Nf5 Bf8 20. Qf3 d5 21. e5 Ne4 22. Qg4 Kh8 23. f3 d3+ 24. Be3 Qg6 25. Bxd3 Qxg4 26. hxg4 g6 27. fxe4 dxe4 28. Rc7 exd3 29. Rxb7 gxf5 30. gxf5 f6 31. e6 Rad8 32. Rd1 Re7 33. Rxe7 Bxe7 34. Kf2 Rd5 35.
g4 h5 36. Rh1 Kg7 37. Rxh5 d2 38. Bxd2 Rxd2+ 39. Ke3 Rxb2 0-1

[Event "*** Titled Tuesday Blitz"]
[Site "Chess.com"]
[Date "2021.03.02"]
[Round "2"]
[White "gixfantastix"]
[Black "konradrutkowski"]
[Result "0-1"]
[WhiteElo "2030"]
[BlackElo "2377"]
[TimeControl "180+1"]
[EndTime "10:18:14 PST"]
[Termination "konradrutkowski won on time"]

1. e4 d6 2. d4 Nf6 3. Nc3 g6 4. Bg5 Bg7 5. Qd2 h6 6. Bf4 Nc6 7. d5 Ne5 8. O-O-O g5 9. Be3 c5 10. Nf3 Nfg4 11. h3 Nxe3 12. Qxe3 Bd7 13. h4 g4 14. Nxe5 Bxe5 15. f4 gxf3 16. gxf3 Qa5 17. f4 Bxc3 18. bxc3 Qxa2 19. e5 O-O-O 20. Bg2 Bf5 21.
Be4 Bxe4 22. Qxe4 Rhg8 23. Kd2 dxe5 24. c4 Qa5+ 25. Ke2 Qc3 26. Ra1 exf4 27. Rxa7 f3+ 28.
Qxf3 Qxc2+ 29. Ke3 Qc3+ 30. Kf2 Qd2+ 31. Kf1 Rd6 32.
Ra8+ Kc7 33. Rxg8 Rf6 34. Rh3 Qd1+ 35. Kg2 Rxf3 36. Rxf3 Qe2+ 37. Rf2 Qxc4 38. Rf8 Qxd5+ 39. Kg3 f6 0-1